[Event "GambitGuide"]
[Site "Internet Chess Club"]
[Date "2014.10.31"]
[Round "1"]
[White "JSBach"]
[Black "MattP"]
[Result "0-1"]
[ICCResult "White checkmated"]
[WhiteElo "1747"]
[BlackElo "2427"]
[Opening "Vienna: `Frankenstein-Dracula' variation"]
[ECO "C27"]
[NIC "VG.02"]
[Time "18:32:45"]
[TimeControl "120+12"]

1. e4 e5 2. Nc3 Nf6 3. Bc4 Nxe4 4. Qh5 Nd6 5. Bb3 Nc6 6. Nb5 g6 7. Qf3 f5 8.
Qd5 Qe7 9. Nxc7+ Kd8 10. Nxa8 b6 11. d3 Bb7 12. Nxb6 axb6 13. Qf3 Nd4 14.
Qg3 f4 15. Qg4 e4 16. Kf1 exd3 17. cxd3 Ba6 18. Qh3 Qe4 19. Bc4 Nxc4 20.
Qh4+ Kc8 21. Qh3 Ne5 22. f3 Bxd3+ 23. Kf2 Bc5 24. Qxd7+ Kxd7 25. g3 Ndxf3+
26. Be3 Qxe3+ 27. Kg2 Qf2+ 28. Kh3 Bf5+ 29. g4 Bxg4# {White checkmated} 0-1

[Event "GambitGuide"]
[Site "Internet Chess Club"]
[Date "2014.10.31"]
[Round "1"]
[White "JSBach"]
[Black "ziwenzhou"]
[Result "1-0"]
[ICCResult "Black resigns"]
[WhiteElo "1747"]
[BlackElo "2034"]
[Opening "Vienna: `Frankenstein-Dracula' variation"]
[ECO "C27"]
[NIC "VG.02"]
[Time "18:32:36"]
[TimeControl "120+12"]

1. e4 e5 2. Nc3 Nf6 3. Bc4 Nxe4 4. Qh5 Nd6 5. Bb3 Nc6 6. Nb5 g6 7. Qf3 f5 8.
Qd5 Qe7 9. Nxc7+ Kd8 10. Nxa8 b6 11. d3 Bb7 12. Nxb6 axb6 13. Qf3 Nd4 14.
Qg3 f4 15. Qg4 g5 16. Ba4 h5 17. Qd1 Bxg2 18. c3 Nc6 19. Qb3 b5 20. Ne2 bxa4
21. Qb6+ Kc8 22. Rg1 f3 23. Qa6+ Nb7 24. Qa8+ Kc7 25. Qxa4 Bg7 26. Ng3 h4
27. Nf5 Qf6 28. Qg4 Rf8 29. Nxg7 Qxg7 30. Qxg5 Qxg5 31. Bxg5 Nc5 32. Kd2 e4
33. Bh6 Rf6 34. Bg7 Rg6 35. Bf8 Nxd3 36. Ke3 Rg4 37. b4 h3 38. b5 Na5 39. a4
Nc4+ 40. Kd4 Na5 41. Ra2 Rg8 42. Bb4 Kb6 43. Bxa5+ Kxa5 44. Kxe4 Nc5+ 45.
Ke5 Nxa4 46. Rga1 Rg4 47. b6 Kxb6 48. Rxa4 Rxa4 49. Rxa4 {Black resigns} 1-0

[Event "GambitGuide"]
[Site "Internet Chess Club"]
[Date "2014.10.31"]
[Round "1"]
[White "JSBach"]
[Black "tazmanfox66"]
[Result "1-0"]
[ICCResult "Black resigns"]
[WhiteElo "1747"]
[BlackElo "1524"]
[Opening "Vienna: `Frankenstein-Dracula' variation"]
[ECO "C27"]
[NIC "VG.02"]
[Time "18:33:33"]
[TimeControl "120+12"]

1. e4 e5 2. Nc3 Nf6 3. Bc4 Nxe4 4. Qh5 Nd6 5. Bb3 Nc6 6. Nb5 g6 7. Qf3 f5 8.
Qd5 Qe7 9. Nxc7+ Kd8 10. Nxa8 b6 11. d3 e4 12. dxe4 Qxe4+ 13. Qxe4 Nxe4 14.
f3 Nc5 15. Bd5 Bb7 16. Bg5+ Kc8 17. Bf6 Bxa8 18. Bxh8 Bh6 19. b4 Ne6 20. Be5
Kb7 21. b5 Nc7 22. bxc6+ dxc6 23. Bc4 b5 24. Bb3 c5 25. c4 a6 26. Ne2 b4 27.
Rd1 Ne6 28. Rd7+ Kc6 29. Rd6+ Kb7 30. Rxe6 {Black resigns} 1-0

[Event "GambitGuide"]
[Site "Internet Chess Club"]
[Date "2014.10.31"]
[Round "1"]
[White "JSBach"]
[Black "MattP"]
[Result "0-1"]
[ICCResult "White checkmated"]
[WhiteElo "1747"]
[BlackElo "2427"]
[Opening "Vienna: `Frankenstein-Dracula' variation"]
[ECO "C27"]
[NIC "VG.02"]
[Time "18:34:37"]
[TimeControl "120+12"]

1. e4 e5 2. Nc3 Nf6 3. Bc4 Nxe4 4. Qh5 Nd6 5. Bb3 Nc6 6. Nb5 g6 7. Qf3 f5 8.
Qd5 Qe7 9. Nxc7+ Kd8 10. Nxa8 b6 11. d3 Bb7 12. Nxb6 axb6 13. Qf3 Nd4 14.
Qg3 f4 15. Qg4 e4 16. Kf1 exd3 17. cxd3 Ba6 18. Qh3 Qe4 19. Bc4 Nxc4 20.
Qh4+ Kc8 21. Qh3 Ne5 22. f3 Qxd3+ 23. Ne2 Qxe2+ 24. Kg1 Qf1# {White
checkmated} 0-1

[Event "GambitGuide"]
[Site "Internet Chess Club"]
[Date "2014.10.31"]
[Round "1"]
[White "JSBach"]
[Black "fearlessone"]
[Result "1-0"]
[ICCResult "Black resigns"]
[WhiteElo "1747"]
[BlackElo "1812"]
[Opening "Vienna: `Frankenstein-Dracula' variation"]
[ECO "C27"]
[NIC "VG.02"]
[Time "18:33:47"]
[TimeControl "120+12"]

1. e4 e5 2. Nc3 Nf6 3. Bc4 Nxe4 4. Qh5 Nd6 5. Bb3 Nc6 6. Nb5 g6 7. Qf3 f5 8.
Qd5 Qe7 9. Nxc7+ Kd8 10. Nxa8 b6 11. d3 Bb7 12. Nxb6 axb6 13. Qf3 Bg7 14.
Qg3 e4 15. Bg5 Bf6 16. Bxf6 Qxf6 17. Rd1 Re8 18. Ne2 exd3 19. Qxd3 Qe7 20.
O-O Ne4 21. Rfe1 Ne5 22. Qe3 Ng4 23. Qxb6+ Kc8 24. Ba4 Rd8 25. f3
{Black resigns}
1-0

[Event "GambitGuide"]
[Site "Internet Chess Club"]
[Date "2014.10.31"]
[Round "1"]
[White "JSBach"]
[Black "nsideurheadbro"]
[Result "1-0"]
[ICCResult "Black resigns"]
[WhiteElo "1747"]
[BlackElo "1184"]
[Opening "Vienna: `Frankenstein-Dracula' variation"]
[ECO "C27"]
[NIC "VG.02"]
[Time "18:34:06"]
[TimeControl "120+12"]

1. e4 e5 2. Nc3 Nf6 3. Bc4 Nxe4 4. Qh5 Nd6 5. Bb3 Nc6 6. Nb5 g6 7. Qf3 f5 8.
Qd5 Qe7 9. Nxc7+ Kd8 10. Nxa8 b6 11. d3 Bb7 12. Nxb6 axb6 13. Qf3 Nd4 14.
Qg3 f4 15. Qg4 g5 16. Ba4 h5 17. Qd1 Bxg2 18. c3 N4f5 19. Qb3 Kc7 20. Bxd7
Qxd7 21. Nf3 Bxf3 22. Rg1 g4 23. a4 Bg7 24. a5 Rb8 25. axb6+ Rxb6 26. Ra7+
Kd8 27. Qxb6+ Ke7 28. Rxd7+ Kxd7 29. b4 {Black resigns} 1-0

[Event "GambitGuide"]
[Site "Internet Chess Club"]
[Date "2014.10.31"]
[Round "1"]
[White "JSBach"]
[Black "Lyon"]
[Result "1-0"]
[ICCResult "Black resigns"]
[WhiteElo "1763"]
[BlackElo "1400"]
[Opening "Vienna: `Frankenstein-Dracula' variation"]
[ECO "C27"]
[NIC "VG.02"]
[Time "18:35:05"]
[TimeControl "120+12"]

1. e4 e5 2. Nc3 Nf6 3. Bc4 Nxe4 4. Qh5 Nd6 5. Bb3 Nc6 6. Nb5 g6 7. Qf3 f5 8.
Qd5 Qe7 9. Nxc7+ Kd8 10. Nxa8 b6 11. d3 Bb7 12. Nxb6 axb6 13. Qf3 Nd4 14.
Qg3 {Black resigns} 1-0

[Event "GambitGuide"]
[Site "Internet Chess Club"]
[Date "2014.10.31"]
[Round "1"]
[White "JSBach"]
[Black "nihil95"]
[Result "1-0"]
[ICCResult "Black resigns"]
[WhiteElo "1763"]
[BlackElo "1645"]
[Opening "Vienna: `Frankenstein-Dracula' variation"]
[ECO "C27"]
[NIC "VG.02"]
[Time "18:36:04"]
[TimeControl "120+12"]

1. e4 e5 2. Nc3 Nf6 3. Bc4 Nxe4 4. Qh5 Nd6 5. Bb3 Nc6 6. Nb5 g6 7. Qf3 f5 8.
Qd5 Qe7 9. Nxc7+ Kd8 10. Nxa8 b6 11. d3 Nb4 12. Bg5 Nxd5 13. Bxe7+ Bxe7 14.
Bxd5 {Black resigns} 1-0

[Event "GambitGuide"]
[Site "Internet Chess Club"]
[Date "2014.10.31"]
[Round "1"]
[White "JSBach"]
[Black "tazmanfox66"]
[Result "1-0"]
[ICCResult "Black checkmated"]
[WhiteElo "1766"]
[BlackElo "1524"]
[Opening "Vienna: `Frankenstein-Dracula' variation"]
[ECO "C27"]
[NIC "VG.02"]
[Time "18:35:00"]
[TimeControl "120+12"]

1. e4 e5 2. Nc3 Nf6 3. Bc4 Nxe4 4. Qh5 Nd6 5. Bb3 Nc6 6. Nb5 g6 7. Qf3 f5 8.
Qd5 Qe7 9. Nxc7+ Kd8 10. Nxa8 b6 11. d3 Bg7 12. Nh3 e4 13. Bg5 Bf6 14. O-O
Bxg5 15. Nxg5 Rf8 16. Nxh7 Qxh7 17. Qxd6 Rh8 18. Qc7+ Ke7 19. Rae1 Qxh2+ 20.
Qxh2 Rxh2 21. Kxh2 Bb7 22. Nc7 Kd6 23. Nb5+ Ke7 24. dxe4 f4 25. Bd5 a6 26.
Nc7 Kd6 27. Ne8+ Ke7 28. Nc7 Kd6 29. Bxc6 Bxc6 30. Nxa6 Bb5 31. Nb4 Bxf1 32.
Rxf1 Kc5 33. Nd3+ Kd4 34. Nxf4 Kxe4 35. Nxg6 Kf5 36. Ne7+ Ke6 37. Re1+ Kd6
38. f4 Kc7 39. f5 d5 40. f6 d4 41. f7 d3 42. f8=Q dxc2 43. Qc8+ Kd6 44. Qc6#
{Black checkmated}
1-0

[Event "GambitGuide"]
[Site "Internet Chess Club"]
[Date "2014.10.31"]
[Round "1"]
[White "JSBach"]
[Black "joppie"]
[Result "1-0"]
[ICCResult "Black checkmated"]
[WhiteElo "1750"]
[BlackElo "1684"]
[Opening "Vienna: `Frankenstein-Dracula' variation"]
[ECO "C27"]
[NIC "VG.02"]
[Time "18:35:58"]
[TimeControl "120+12"]

1. e4 e5 2. Nc3 Nf6 3. Bc4 Nxe4 4. Qh5 Nd6 5. Bb3 Nc6 6. Nb5 g6 7. Qf3 f5 8.
Qd5 Qe7 9. Nxc7+ Kd8 10. Nxa8 b6 11. d3 Bh6 12. Bxh6 Bb7 13. Nxb6 axb6 14.
Qf3 Nd4 15. Qg3 Nxb3 16. axb3 f4 17. Qg4 Rf8 18. Bxf8 Qxf8 19. Ra7 Kc7 20.
Ne2 Kb8 21. Ra4 Bc6 22. Ra6 Kb7 23. Ra1 Qf6 24. O-O h5 25. Qh3 Nb5 26. c4
Nd6 27. Rfe1 Nf5 28. Nc3 Nd4 29. b4 Nc2 30. b5 Nxe1 31. bxc6+ dxc6 32. Qd7+
Kb8 33. Qe8+ Kb7 34. Qa8+ Kc7 35. Ra7+ Kd6 36. Ne4+ Ke6 37. Qc8#
{Black checkmated}
1-0

[Event "GambitGuide"]
[Site "Internet Chess Club"]
[Date "2014.10.31"]
[Round "1"]
[White "JSBach"]
[Black "ziwenzhou"]
[Result "1-0"]
[ICCResult "Black resigns"]
[WhiteElo "1750"]
[BlackElo "2034"]
[Opening "Vienna: `Frankenstein-Dracula' variation"]
[ECO "C27"]
[NIC "VG.02"]
[Time "18:35:34"]
[TimeControl "120+12"]

1. e4 e5 2. Nc3 Nf6 3. Bc4 Nxe4 4. Qh5 Nd6 5. Bb3 Nc6 6. Nb5 g6 7. Qf3 f5 8.
Qd5 Qe7 9. Nxc7+ Kd8 10. Nxa8 b6 11. d3 Bb7 12. Nxb6 axb6 13. Qf3 Nd4 14.
Qg3 f4 15. Qg4 g5 16. Ba4 h5 17. Qd1 Bxg2 18. c3 Nc6 19. Qb3 b5 20. Bd2 bxa4
21. Qxa4 Bxh1 22. Qa8+ Nc8 23. Ne2 Bf3 24. Ng1 e4 25. d4 Bg7 26. d5 Ne5 27.
Kf1 Rf8 28. Re1 Ng4 29. Qa5+ Ke8 30. Nxf3 exf3 31. Rxe7+ Kxe7 32. h3 Ne5 33.
a4 g4 34. Qb4+ Nd6 35. Bxf4 Rxf4 36. Qxf4 Ndf7 37. b4 Bh6 38. Qf5 d6 39.
Qxh5 g3 40. Qh4+ Bg5 41. Qxg3 {Black resigns} 1-0

[Event "GambitGuide"]
[Site "Internet Chess Club"]
[Date "2014.10.31"]
[Round "1"]
[White "JSBach"]
[Black "fearlessone"]
[Result "0-1"]
[ICCResult "White checkmated"]
[WhiteElo "1750"]
[BlackElo "1812"]
[Opening "Vienna: `Frankenstein-Dracula' variation"]
[ECO "C27"]
[NIC "VG.02"]
[Time "18:35:15"]
[TimeControl "120+12"]

1. e4 e5 2. Nc3 Nf6 3. Bc4 Nxe4 4. Qh5 Nd6 5. Bb3 Nc6 6. Nb5 g6 7. Qf3 f5 8.
Qd5 Qe7 9. Nxc7+ Kd8 10. Nxa8 b6 11. d3 Bb7 12. Nxb6 axb6 13. Qf3 Bg7 14.
Be3 Nd4 15. Qh3 g5 16. Rc1 h5 17. Bc4 f4 18. Bxd4 exd4+ 19. Kd1 g4 20. Ba6
gxh3 21. Bxb7 Nxb7 22. Nxh3 f3 23. gxf3 Qh4 24. Ng1 Qxf2 25. Ne2 Bh6 26. Rb1
Qe3 27. f4 Bxf4 28. Nxf4 Qxf4 29. Ke2 Re8+ 30. Kd1 Qf3+ 31. Kc1 Qxh1+ 32.
Kd2 Qg2+ 33. Kd1 Qe2+ 34. Kc1 Qe1# {White checkmated} 0-1

[Event "GambitGuide"]
[Site "Internet Chess Club"]
[Date "2014.10.31"]
[Round "1"]
[White "JSBach"]
[Black "nihil95"]
[Result "1-0"]
[ICCResult "Black resigns"]
[WhiteElo "1750"]
[BlackElo "1645"]
[Opening "Vienna: `Frankenstein-Dracula' variation"]
[ECO "C27"]
[NIC "VG.02"]
[Time "18:36:30"]
[TimeControl "120+12"]

1. e4 e5 2. Nc3 Nf6 3. Bc4 Nxe4 4. Qh5 Nd6 5. Bb3 Nc6 6. Nb5 g6 7. Qf3 f5 8.
Qd5 Qe7 9. Nxc7+ Kd8 10. Nxa8 b6 11. d3 Nb4 12. Qf3 e4 13. dxe4 Bb7 14. Qc3
Nxe4 15. Qc7+ Ke8 16. Qb8+ Qd8 17. Nc7+ Ke7 18. Qxb7 Nc5 19. Bg5+
{Black resigns}
1-0

[Event "GambitGuide"]
[Site "Internet Chess Club"]
[Date "2014.10.31"]
[Round "1"]
[White "JSBach"]
[Black "ziwenzhou"]
[Result "0-1"]
[ICCResult "White checkmated"]
[WhiteElo "1750"]
[BlackElo "2034"]
[Opening "Vienna: `Frankenstein-Dracula' variation"]
[ECO "C27"]
[NIC "VG.02"]
[Time "18:37:16"]
[TimeControl "120+12"]

1. e4 e5 2. Nc3 Nf6 3. Bc4 Nxe4 4. Qh5 Nd6 5. Bb3 Nc6 6. Nb5 g6 7. Qf3 f5 8.
Qd5 Qe7 9. Nxc7+ Kd8 10. Nxa8 b6 11. d3 Bb7 12. Nxb6 axb6 13. Qf3 Nd4 14.
Qg3 f4 15. Qh3 h5 16. Ba4 b5 17. Bb3 g5 18. Bd2 g4 19. Ba5+ Kc8 20. c3 gxh3
21. cxd4 hxg2 22. Bd8 Qxd8 23. Bd5 Bxd5 24. Rc1+ Kb8 25. Ke2 gxh1=Q 26. dxe5
f3+ 27. Ke3 Bh6+ 28. Kd4 Nf5+ 29. Kxd5 Bxc1 30. Ke4 Qxg1 31. d4 Qxf2 32. e6
Qxd4+ 33. Kxf3 Rf8 34. a3 Nh4+ 35. Ke2 Rf2+ 36. Ke1 Qd2# {White checkmated}
0-1

[Event "GambitGuide"]
[Site "Internet Chess Club"]
[Date "2014.10.31"]
[Round "1"]
[White "JSBach"]
[Black "joppie"]
[Result "1-0"]
[ICCResult "Black checkmated"]
[WhiteElo "1750"]
[BlackElo "1684"]
[Opening "Vienna: `Frankenstein-Dracula' variation"]
[ECO "C27"]
[NIC "VG.02"]
[Time "18:37:18"]
[TimeControl "120+12"]

1. e4 e5 2. Nc3 Nf6 3. Bc4 Nxe4 4. Qh5 Nd6 5. Bb3 Nc6 6. Nb5 g6 7. Qf3 f5 8.
Qd5 Qe7 9. Nxc7+ Kd8 10. Nxa8 b6 11. d3 Bg7 12. Nh3 Bb7 13. Bg5 Bf6 14. Nxb6
axb6 15. g3 Bxg5 16. Nxg5 Qxg5 17. Qxd6 Re8 18. Bf7 Re7 19. h4 Qg4 20. Bd5
f4 21. Bxc6 Bxc6 22. Qb8# {Black checkmated} 1-0

[Event "GambitGuide"]
[Site "Internet Chess Club"]
[Date "2014.10.31"]
[Round "1"]
[White "JSBach"]
[Black "Prew"]
[Result "0-1"]
[ICCResult "White checkmated"]
[WhiteElo "1750"]
[BlackElo "2004"]
[Opening "Vienna: `Frankenstein-Dracula' variation"]
[ECO "C27"]
[NIC "VG.02"]
[Time "18:33:40"]
[TimeControl "120+12"]

1. e4 e5 2. Nc3 Nf6 3. Bc4 Nxe4 4. Qh5 Nd6 5. Bb3 Nc6 6. Nb5 g6 7. Qf3 f5 8.
Qd5 Qe7 9. Nxc7+ Kd8 10. Nxa8 b6 11. d3 Bb7 12. Nxb6 axb6 13. Qf3 Nd4 14.
Qh3 Nxb3 15. axb3 e4 16. d4 Bg7 17. c3 h5 18. Qg3 Qe6 19. Ra7 h4 20. Bg5+
Kc8 21. Bxh4 e3 22. fxe3 Ne4 23. Qf4 Bh6 24. Qf3 Qxb3 25. Be7 Qxb2 26. d5
Qxc3+ 27. Ke2 Bxd5 28. Bb4 Bc4+ 29. Kd1 Qxb4 30. Ra8+ Kc7 31. Qxe4 fxe4 32.
Rxh8 Bxe3 33. Rc8+ Kxc8 34. Ne2 Qd2# {White checkmated} 0-1

[Event "GambitGuide"]
[Site "Internet Chess Club"]
[Date "2014.10.31"]
[Round "1"]
[White "JSBach"]
[Black "nsideurheadbro"]
[Result "1-0"]
[ICCResult "Black resigns"]
[WhiteElo "1736"]
[BlackElo "1184"]
[Opening "Vienna: `Frankenstein-Dracula' variation"]
[ECO "C27"]
[NIC "VG.02"]
[Time "18:35:50"]
[TimeControl "120+12"]

1. e4 e5 2. Nc3 Nf6 3. Bc4 Nxe4 4. Qh5 Nd6 5. Bb3 Nc6 6. Nb5 g6 7. Qf3 f5 8.
Qd5 Qe7 9. Nxc7+ Kd8 10. Nxa8 b6 11. d3 Bb7 12. Nxb6 axb6 13. Qf3 Nd4 14.
Qg3 f4 15. Qg4 g5 16. Ba4 h5 17. Qd1 Bxg2 18. c3 Bxh1 19. cxd4 exd4+ 20. Qe2
Qe6 21. Bd2 Bg7 22. h4 b5 23. Bc2 Nf5 24. hxg5 Be5 25. Rc1 Rg8 26. Qxh5 Bc7+
27. Kd1 Ne3+ 28. fxe3 fxe3 29. Qxh1 exd2 30. Kxd2 Bf4+ 31. Kd1 Bxc1 32. Qa8+
Ke7 33. Qa3+ Kf7 34. Bb3 Bxg5 35. Bxe6+ Kxe6 36. Qa6+ d6 37. Qxb5 Be3 38.
Nf3 Rg3 39. Qe8+ Kd5 40. Qf7+ Kc6 41. Qc4+ Kd7 42. Nxd4 Rg4 43. Qf7+ Kc8 44.
Qf5+ {Black resigns} 1-0

[Event "GambitGuide"]
[Site "Internet Chess Club"]
[Date "2014.10.31"]
[Round "1"]
[White "JSBach"]
[Black "ziwenzhou"]
[Result "0-1"]
[ICCResult "White checkmated"]
[WhiteElo "1736"]
[BlackElo "2034"]
[Opening "Vienna: `Frankenstein-Dracula' variation"]
[ECO "C27"]
[NIC "VG.02"]
[Time "18:38:14"]
[TimeControl "120+12"]

1. e4 e5 2. Nc3 Nf6 3. Bc4 Nxe4 4. Qh5 Nd6 5. Bb3 Nc6 6. Nb5 g6 7. Qf3 f5 8.
Qd5 Qe7 9. Nxc7+ Kd8 10. Nxa8 b6 11. d3 Bb7 12. Nxb6 axb6 13. Qf3 Nd4 14.
Qg3 f4 15. Qg4 g5 16. Bd2 h5 17. Qd1 Bxg2 18. c3 Nc6 19. Bd5 Bxd5 20. f3 g4
21. Qe2 Bg7 22. Qf2 h4 23. Qxb6+ Kc8 24. Kf2 g3+ 25. Kg2 h3+ 26. Nxh3 Rxh3
27. Kxh3 Bxf3 28. Qa6+ Nb7 29. Qa8+ Kc7 30. Qg8 g2 31. Rhg1 Qg5 32. Qc8+
Kxc8 33. b4 Qh5# {White checkmated} 0-1

[Event "GambitGuide"]
[Site "Internet Chess Club"]
[Date "2014.10.31"]
[Round "1"]
[White "JSBach"]
[Black "BostonStrangler"]
[Result "1-0"]
[ICCResult "Black checkmated"]
[WhiteElo "1736"]
[BlackElo "2068"]
[Opening "Vienna: `Frankenstein-Dracula' variation"]
[ECO "C27"]
[NIC "VG.02"]
[Time "18:35:22"]
[TimeControl "120+12"]

1. e4 e5 2. Nc3 Nf6 3. Bc4 Nxe4 4. Qh5 Nd6 5. Bb3 Nc6 6. Nb5 g6 7. Qf3 f5 8.
Qd5 Qe7 9. Nxc7+ Kd8 10. Nxa8 b6 11. d3 Nd4 12. h4 f4 13. Kd2 Bb7 14. Nxb6
axb6 15. Kd1 Bxd5 16. Bxd5 N6f5 17. h5 Qc5 18. c4 Qa5 19. hxg6 Qa4+ 20. b3
Nxb3 21. axb3 Qxb3+ 22. Ke1 Qc3+ 23. Kd1 Qxa1 24. Rxh7 Rxh7 25. gxh7 Bg7 26.
Nf3 Nd4 27. Nxd4 Qxd4 28. Ke2 Ke7 29. g4 Kf6 30. Bd2 Kg6 31. Be4+ Kh6 32. f3
b5 33. cxb5 d5 34. Bf5 e4 35. Bxf4# {Black checkmated} 1-0

[Event "GambitGuide"]
[Site "Internet Chess Club"]
[Date "2014.10.31"]
[Round "1"]
[White "JSBach"]
[Black "fearlessone"]
[Result "1-0"]
[ICCResult "Black resigns"]
[WhiteElo "1736"]
[BlackElo "1812"]
[Opening "Vienna: `Frankenstein-Dracula' variation"]
[ECO "C27"]
[NIC "VG.02"]
[Time "18:38:38"]
[TimeControl "120+12"]

1. e4 e5 2. Nc3 Nf6 3. Bc4 Nxe4 4. Qh5 Nd6 5. Bb3 Nc6 6. Nb5 g6 7. Qf3 f5 8.
Qd5 Qe7 9. Nxc7+ Kd8 10. Nxa8 b6 11. d3 Bb7 12. Nxb6 axb6 13. Qf3 Bg7 14.
Be3 Nd4 15. Qh3 g5 16. Rc1 f4 17. Bxd4 exd4+ 18. Kf1 h5 19. Re1 Be5 20. Nf3
Bxf3 21. Qxf3 Qf6 22. Qe2 Nf7 23. Bxf7 Qxf7 24. Qxe5 {Black resigns} 1-0

[Event "GambitGuide"]
[Site "Internet Chess Club"]
[Date "2014.10.31"]
[Round "1"]
[White "JSBach"]
[Black "tazmanfox66"]
[Result "1-0"]
[ICCResult "Black resigns"]
[WhiteElo "1736"]
[BlackElo "1524"]
[Opening "Vienna: `Frankenstein-Dracula' variation"]
[ECO "C27"]
[NIC "VG.02"]
[Time "18:36:52"]
[TimeControl "120+12"]

1. e4 e5 2. Nc3 Nf6 3. Bc4 Nxe4 4. Qh5 Nd6 5. Bb3 Nc6 6. Nb5 g6 7. Qf3 f5 8.
Qd5 Qe7 9. Nxc7+ Kd8 10. Nxa8 b6 11. d3 h5 12. Nf3 Bh6 13. Bxh6 Rxh6 14. Rd1
Bb7 15. Nxb6 axb6 16. Qg8+ Kc7 17. c3 e4 18. dxe4 Qxe4+ 19. Kf1 Ne5 20. Ne1
Ng4 21. h3 Nf6 22. Qf8 Ba6+ 23. Kg1 Rh7 24. Qxd6+ Kc8 25. Qxf6 Re7 26. Qxb6
Bb7 27. Qxg6 f4 28. Qxh5 f3 29. Qc5+ Kb8 30. Nxf3 Rg7 31. Qf8+ Ka7 32. Qxg7
Qe2 33. Rxd7 Qb5 34. Rxb7+ Qxb7 35. Qxb7+ Kxb7 36. h4 Kc6 37. h5 Kc5 38. h6
{Black resigns}
1-0

[Event "GambitGuide"]
[Site "Internet Chess Club"]
[Date "2014.10.31"]
[Round "1"]
[White "JSBach"]
[Black "petzi"]
[Result "0-1"]
[ICCResult "White checkmated"]
[WhiteElo "1736"]
[BlackElo "2142"]
[Opening "Vienna: `Frankenstein-Dracula' variation"]
[ECO "C27"]
[NIC "VG.02"]
[Time "18:37:10"]
[TimeControl "120+12"]

1. e4 e5 2. Nc3 Nf6 3. Bc4 Nxe4 4. Qh5 Nd6 5. Bb3 Nc6 6. Nb5 g6 7. Qf3 f5 8.
Qd5 Qe7 9. Nxc7+ Kd8 10. Nxa8 b6 11. d3 Bb7 12. Nxb6 axb6 13. Qf3 e4 14.
dxe4 Nxe4 15. Be3 Bg7 16. Bxb6+ Kc8 17. Qe3 Bxb2 18. Rb1 Bc3+ 19. Kd1 Qd6+
20. Qd3 Re8 21. Qxd6 Nxd6 22. Ne2 Bf6 23. Re1 Ba6 24. Bc5 Ne4 25. Bf7 Bxe2+
26. Kxe2 Re5 27. Be3 Nc3+ 28. Kd3 Nxb1 29. Rxb1 Ra5 30. Kd2 Ne5 31. Bb3 Ng4
32. h3 Nxe3 33. Kxe3 Kc7 34. a4 Bc3 35. Kd3 Bb4 36. Rb2 Re5 37. f4 Re1 38.
Bd5 Bc5 39. Kd2 Rf1 40. g3 Rg1 41. Rb3 Bf2 42. Rb7+ Kd6 43. c4 Rxg3 44. Ke2
Bc5 45. a5 Rxh3 46. Bf7 Ra3 47. Rb5 Be3 48. Rd5+ Kc7 49. Be8 d6 50. Rd3 Rxd3
51. Kxd3 Bxf4 52. a6 Kb6 53. Bb5 Bh2 54. Kd4 Bg1+ 55. Kd5 Bc5 56. Ke6 f4 57.
Kd5 g5 58. Ke4 h5 59. Kf5 f3 60. Kxg5 f2 61. Kxh5 f1=Q 62. Kh4 Qg1 63. Kh3
Kc7 64. Kh4 Kd8 65. Kh3 Ke7 66. Kh4 Kf6 67. Kh3 Kf5 68. Bd7+ Kf4 69. Kh4
Qg3+ 70. Kh5 Qg5# {White checkmated} 0-1

[Event "GambitGuide"]
[Site "Internet Chess Club"]
[Date "2014.10.31"]
[Round "1"]
[White "JSBach"]
[Black "Smashandgrab"]
[Result "0-1"]
[ICCResult "White checkmated"]
[WhiteElo "1736"]
[BlackElo "1457"]
[Opening "Vienna: `Frankenstein-Dracula' variation"]
[ECO "C27"]
[NIC "VG.02"]
[Time "18:38:29"]
[TimeControl "120+12"]

1. e4 e5 2. Nc3 Nf6 3. Bc4 Nxe4 4. Qh5 Nd6 5. Bb3 Nc6 6. Nb5 g6 7. Qf3 f5 8.
Qd5 Qe7 9. Nxc7+ Kd8 10. Nxa8 b6 11. d3 Bg7 12. Nh3 Bb7 13. Bg5 Bf6 14. Nxb6
axb6 15. Rg1 Nd4 16. Bxf6 Qxf6 17. Rc1 Bxd5 18. Bxd5 e4 19. dxe4 Nxe4 20. c4
Re8 21. Kd1 g5 22. f3 g4 23. fxe4 gxh3 24. Rc3 hxg2 25. e5 Qxe5 26. Bf3 Nxf3
27. Rxf3 Qe2+ 28. Kc1 Qxf3 29. Kb1 Qf1+ 30. Rxf1 gxf1=Q+ 31. Kc2 Qf3 32. Kc1
Re2 33. h4 Qf1# {White checkmated} 0-1

[Event "GambitGuide"]
[Site "Internet Chess Club"]
[Date "2014.10.31"]
[Round "1"]
[White "JSBach"]
[Black "joppie"]
[Result "0-1"]
[ICCResult "White checkmated"]
[WhiteElo "1736"]
[BlackElo "1684"]
[Opening "Vienna: `Frankenstein-Dracula' variation"]
[ECO "C27"]
[NIC "VG.02"]
[Time "18:38:29"]
[TimeControl "120+12"]

1. e4 e5 2. Nc3 Nf6 3. Bc4 Nxe4 4. Qh5 Nd6 5. Bb3 Nc6 6. Nb5 g6 7. Qf3 f5 8.
Qd5 Qe7 9. Nxc7+ Kd8 10. Nxa8 b6 11. d3 Bg7 12. Nh3 Bb7 13. Bg5 Bf6 14. Nxb6
axb6 15. g3 Kc7 16. Bxf6 Qxf6 17. f4 exf4 18. Nxf4 Re8+ 19. Kf1 g5 20. Ng2
f4 21. gxf4 gxf4 22. Kg1 f3 23. c3 fxg2 24. Qxg2 Na5 25. Bd5 Bxd5 26. Qxd5
Qg6+ 27. Kf1 Rf8+ 28. Ke1 Rf5 29. Qa8 Qe6+ 30. Kd1 Rf2 31. Qa7+ Nab7 32. Re1
Qg4+ 33. Kc1 Qg2 34. Kd1 Rd2+ 35. Kc1 Rc2+ 36. Kb1 Rxb2+ 37. Kc1 Qc2#
{White checkmated}
0-1

[Event "GambitGuide"]
[Site "Internet Chess Club"]
[Date "2014.10.31"]
[Round "1"]
[White "JSBach"]
[Black "nihil95"]
[Result "1-0"]
[ICCResult "Black resigns"]
[WhiteElo "1736"]
[BlackElo "1645"]
[Opening "Vienna: `Frankenstein-Dracula' variation"]
[ECO "C27"]
[NIC "VG.02"]
[Time "18:38:52"]
[TimeControl "120+12"]

1. e4 e5 2. Nc3 Nf6 3. Bc4 Nxe4 4. Qh5 Nd6 5. Bb3 Nc6 6. Nb5 g6 7. Qf3 f5 8.
Qd5 Qe7 9. Nxc7+ Kd8 10. Nxa8 b6 11. d3 Bb7 12. Nxb6 axb6 13. Qf3 e4 14. Qe3
h6 15. Qxb6+ Ke8 16. d4 Bg7 17. Ne2 {Black resigns} 1-0

[Event "GambitGuide"]
[Site "Internet Chess Club"]
[Date "2014.10.31"]
[Round "1"]
[White "JSBach"]
[Black "BostonStrangler"]
[Result "1-0"]
[ICCResult "Black resigns"]
[WhiteElo "1751"]
[BlackElo "2068"]
[Opening "Vienna: `Frankenstein-Dracula' variation"]
[ECO "C27"]
[NIC "VG.02"]
[Time "18:39:37"]
[TimeControl "120+12"]

1. e4 e5 2. Nc3 Nf6 3. Bc4 Nxe4 4. Qh5 Nd6 5. Bb3 Nc6 6. Nb5 g6 7. Qf3 f5 8.
Qd5 Qe7 9. Nxc7+ Kd8 10. Nxa8 b6 11. d3 Nd4 12. f4 Bb7 13. Qxe5 Bxg2 14. Be3
Bxh1 15. Bxd4 {Black resigns} 1-0

[Event "GambitGuide"]
[Site "Internet Chess Club"]
[Date "2014.10.31"]
[Round "1"]
[White "JSBach"]
[Black "ziwenzhou"]
[Result "1-0"]
[ICCResult "Black checkmated"]
[WhiteElo "1751"]
[BlackElo "2034"]
[Opening "Vienna: `Frankenstein-Dracula' variation"]
[ECO "C27"]
[NIC "VG.02"]
[Time "18:39:26"]
[TimeControl "120+12"]

1. e4 e5 2. Nc3 Nf6 3. Bc4 Nxe4 4. Qh5 Nd6 5. Bb3 Nc6 6. Nb5 g6 7. Qf3 f5 8.
Qd5 Qe7 9. Nxc7+ Kd8 10. Nxa8 b6 11. d3 Bb7 12. Nxb6 axb6 13. Qf3 Nd4 14.
Qg3 f4 15. Qg4 g5 16. Bd2 h5 17. Qd1 Bxg2 18. c3 Nc6 19. Bd5 Bxd5 20. f3 g4
21. Qe2 Bh6 22. Qf2 h4 23. Qxb6+ Kc8 24. Kf2 g3+ 25. Kf1 Qg5 26. hxg3 hxg3
27. Qa6+ Nb7 28. Rh3 Bg7 29. Rxh8+ Bxh8 30. Qa8+ Nb8 31. Re1 g2+ 32. Ke2 Qg3
33. c4 Bc6 34. b4 Nd6 35. Qa7 Nf5 36. Bc3 e4 37. Bxh8 exf3+ 38. Kd2 f2 39.
Re8# {Black checkmated} 1-0